 Dungeon Crawl Stone Soup version 0.25.1-9-gc5326a611f (webtiles) character file.

Game seed: 8187650634955918737

685 funkygono the Ruffian (level 7, 0/66 HPs)
             Began as a Troll Fighter on Dec 28, 2020.
             Was a Believer of Okawaru.
             Splashed by Ijyb's acid (8 damage)
             ... on level 4 of the Dungeon.
             The game lasted 00:08:03 (2820 turns).

funkygono the Ruffian (Troll Fighter)               Turns: 2820, Time: 00:08:03

Health: 0/66       AC:  0    Str: 26    XL:     7   Next: 35%
Magic:  6/6        EV:  9    Int: 10    God:    Okawaru [**....]
Gold:   228        SH:  9    Dex: 10    Spells: 6/6 levels left

rFire    . . .     SeeInvis .     - Unarmed
rCold    . . .     Gourm    +   b - +0 kite shield
rNeg     + . .     Faith    .   a - +0 robe
rPois    .         Spirit   .   g - +2 hat
rElec    .         Reflect  .   r - scarf {repulsion}
rCorr    .         Harm     .   (gloves unavailable)
MR       .....                  (boots unavailable)
Stlth    +.........             (no amulet)
HPRegen  0.61/turn              o - +6 ring of intelligence
MPRegen  0.10/turn              q - ring of positive energy

@: corroded, repel missiles
A: large, unfitting armour, claws 3, fast metabolism 3, gourmand, regeneration
1, shaggy fur 1, tough skin 3
a: Heroism, Renounce Religion


You were on level 4 of the Dungeon.
You worshipped Okawaru.
Okawaru was pleased with you.
You were completely stuffed.

You visited 1 branch of the dungeon, and saw 4 of its levels.

You collected 228 gold pieces.

Inventory:

Hand Weapons
 h - a +1 dagger
 k - a +1 whip of flaming
Missiles
 e - 6 poisoned darts (quivered)
 f - 130 stones
Armour
 a - a +0 robe (worn)
 b - a +0 kite shield (worn)
 g - a +2 hat (worn)
 r - a scarf of repulsion (worn)
Jewellery
 o - a +6 ring of intelligence (left claw)
 q - a ring of positive energy (right claw)
Wands
 v - a wand of enslavement (8)
 w - a wand of flame (17)
Scrolls
 i - 2 scrolls of blinking
 j - a scroll of amnesia
 n - a scroll of teleportation
 p - 6 scrolls of remove curse
 u - a scroll of enchant weapon
 x - a scroll of enchant armour {unknown}
Potions
 c - a potion of might
 l - a potion of flight
 m - a potion of resistance
 s - 2 potions of mutation
 t - a potion of curing
Comestibles
 d - 8 rations
 z - 7 chunks of flesh


   Skills:
 + Level 2.9 Fighting
 + Level 3.2 Throwing
 + Level 3.5 Dodging
 + Level 3.9 Shields
 + Level 5.0 Unarmed Combat


You had 6 spell levels left.
You didn't know any spells.
Your spell library contained the following spells:

 Spells                   Type           Power        Failure   Level  Hunger
 Animate Skeleton         Necr           N/A          73%         1    ##.....
 Apportation              Tloc           #.....       73%         1    ##.....
 Corona                   Hex            #......      73%         1    ##.....
 Summon Small Mammal      Summ           #...         73%         1    ##.....


Dungeon Overview and Level Annotations

Branches:
Dungeon (4/15)             Temple (0/1) D:4

Altars:
Ashenzari
Dithmenos
Okawaru
Vehumet

Shops:
D:4 =

Annotations:
D:4 Ijyb


Innate Abilities, Weirdness & Mutations

You are too large for most types of armour.
You have claws for hands.
Your metabolism is lightning-fast.
You like to eat raw meat.
Your natural rate of healing is unusually fast.
You are covered in fur. (AC +1)
You have extremely tough skin. (AC +3)


Message History

You throw a poisoned dart. The poisoned dart hits Ijyb.
Ijyb looks as sick as possible!
Ijyb is lightly wounded.
You scratch Ijyb.
Ijyb is moderately wounded.
Ijyb screams, "Me kill you!"
Ijyb zaps a wand.
The bolt of acid hits you! The acid corrodes you!
You are splashed with acid.
You barely miss Ijyb.
Ijyb is moderately wounded.
Ijyb hits you with a cursed -1 club.
You barely miss Ijyb.
Ijyb is moderately wounded.
You block Ijyb's attack.
You scratch Ijyb.
Ijyb is heavily wounded.
Ijyb zaps a wand.
The bolt of acid hits you!!
* * * LOW HITPOINT WARNING * * *
The acid corrodes you!
You are splashed with acid!
You die...

....... .. ....... ###.. .......
..##..... ................
#.......# ................ #
#........ ................ #.
##........##................
##.###.....# #.@g(((............
..........## #.##...............
#..........# #.# ............>.
#.........####.# .............
..##.........#..#####............
###.........#..##.............
#.......####................ #
##......## ###.............. .##
#.......# ##.............


You could see Ijyb (extremely poisoned).

Vanquished Creatures
  Pikel (D:4)
  A slave (D:4)
  3 worker ants (D:4)
  5 adders
  An ooze (D:1)
  An adder skeleton (D:4)
  3 worms
  A dart slug (D:2)
  2 leopard geckos (D:2)
  11 orcs
  6 bats
  3 giant cockroaches
  8 goblins
  5 hobgoblins
  9 jackals
  8 kobolds
  3 quokkas
  6 frilled lizards
  A jackal skeleton (D:4)
  A leopard gecko skeleton (D:4)
  6 rats
85 creatures vanquished.

Vanquished Creatures (others)
  A worker ant (D:4)
1 creature vanquished.

Grand Total: 86 creatures vanquished

Notes
Turn   | Place    | Note
-------+----------+-------------------------------------------
     0 | D:1      | funkygono the Troll Fighter began the quest for the Orb.
     0 | D:1      | Reached XP level 1. HP: 22/22 MP: 0/0
   108 | D:1      | Reached XP level 2. HP: 29/29 MP: 1/1
   566 | D:2      | Reached XP level 3. HP: 36/36 MP: 2/2
   779 | D:2      | Reached skill level 1 in Throwing
  1172 | D:2      | Found a shadowy altar of Dithmenos.
  1303 | D:2      | Found an iron altar of Okawaru.
  1309 | D:2      | Became a worshipper of Warmaster Okawaru
  1403 | D:2      | Reached XP level 4. HP: 44/44 MP: 3/3
  1603 | D:3      | Reached skill level 3 in Unarmed Combat
  2023 | D:3      | Found a shattered altar of Ashenzari.
  2144 | D:4      | Found Fid Efe's Jewellery Emporium.
  2268 | D:4      | Noticed a slave
  2269 | D:4      | Noticed Pikel
  2271 | D:4      | Noticed a slave
  2271 | D:4      | Noticed a slave
  2272 | D:4      | Noticed a slave
  2279 | D:4      | Killed Pikel
  2279 | D:4      | Reached * piety under Okawaru
  2279 | D:4      | Reached ** piety under Okawaru
  2279 | D:4      | Reached skill level 4 in Unarmed Combat
  2279 | D:4      | Reached XP level 5. HP: 41/52 MP: 4/4
  2279 | D:4      | Reached XP level 6. HP: 47/59 MP: 5/5
  2279 | D:4      | Reached XP level 7. HP: 52/66 MP: 6/6
  2335 | D:4      | Found a radiant altar of Vehumet.
  2366 | D:4      | Found a staircase to the Ecumenical Temple.
  2763 | D:4      | Reached skill level 5 in Unarmed Combat
  2811 | D:4      | Noticed Ijyb
  2820 | D:4      | Splashed by Ijyb's acid

Illustrated notes

Levels and vault maps discovered:
D:1:      dpeg_arrival_rooms_b, layout_basic, minmay_split_cup_large
D:2:      cheibrodos_helix_gallery, layout_basic, lemuel_round_altar,
          kennysheep_flooded_box, kennysheep_path_1
D:3:      layout_basic, lemuel_doored_altar, grunt_decor_cap, minivault_26
D:4:      layout_layer_cave, vehumet_altar_wand_db,
          minmay_temple_entry_large_hall, serial_shops, shop, uniq_pikel,
          uniq_ijyb

Skill      XL: |  1  2  3  4  5  6  7 |
---------------+----------------------+-----
Throwing       | 1 3 |  3.2
Unarmed Combat | 4 5 |  5.0
Dodging        | 3 |  3.5
Shields        | 3 |  3.9
Fighting       | |  2.9

Action                   |  1- 3 |  4- 6 |  7- 9 || total
-------------------------+-------+-------+-------++-------
Melee: Unarmed           |   125 |    51 |    25 ||   201
Throw: Stone             |    61 |    29 |       ||    90
       Dart              |       |     8 |    24 ||    32
  Use: Scroll            |     6 |     6 |       ||    12
  Eat: Chunk             |    17 |    10 |     5 ||    32
Armor: Robe              |    41 |    25 |     2 ||    68
Dodge: Dodged            |    31 |    20 |     5 ||    56
       Repelled          |       |     2 |     1 ||     3
Block: Kite shield       |    66 |    39 |     9 ||   114
